[Event "Titled Tuesday Blitz February 14 Early 2023"]
[White "Nugumanov, Bakhtiyar"]
[Black "Kielinkei"]
[WhiteFideId "13701797"]
[WhiteElo "2316"]
[BlackElo "2360"]
[Result "1-0"]
[Round "09"]
[TimeControl "180+2"]
[Date "2023.02.14"]
[WhiteClock "0:00:03"]
[BlackClock "0:00:03"]

1. Nf3 Nf6 2. c4 e6 3. g3 d5 4. Bg2 Be7 5. O-O O-O 6. b3 d4 7. e3 c5 8. exd4 cxd4 9. Ba3 Nc6 10. Bxe7 Qxe7 11. d3 e5 12. Re1 Qc7 13. a3 a5 14. Nbd2 Bf5 15. Qc2 h6 16. Rab1 Rfe8 17. b4 axb4 18. axb4 Ra3 19. Ne4 Bxe4 20. dxe4 Rea8 21. c5 Rc3 22. Qd2 Ra4 23. b5 Na5 24. c6 Nc4 25. Qd1 Ra2 26. cxb7 Qxb7 27. Re2 Ra5 28. Nxd4 exd4 29. Qxd4 Raa3 30. e5 Qe7 31. b6 Nd7 32. b7 Nb8 33. e6 fxe6 34. Bh3 e5 35. Qd5+ Kh8 36. Kg2 Ra7 37. Rb5 Na3 38. Rb6 Rc7 39. Rd6 Raxb7 40. Rd8+ Kh7 41. Bf5+ g6 42. Qg8# 1-0


[Site "https://www.chess.com"]

[Event "Titled Tuesday Blitz February 14 Early 2023"]
[White "Thiel, Thomas"]
[Black "Harriott, Tyrell"]
[WhiteFideId "4615964"]
[BlackFideId "2086484"]
[WhiteElo "2234"]
[BlackElo "1889"]
[Result "1-0"]
[Round "09"]
[TimeControl "180+2"]
[Date "2023.02.14"]
[WhiteClock "0:01:09"]
[BlackClock "0:00:17"]

1. e4 e6 2. d4 d5 3. Nc3 f5 4. exd5 exd5 5. Nf3 Nf6 6. Bg5 c6 7. Qe2+ Kf7 8. Ne5+ Kg8 9. O-O-O Be7 10. f3 Nbd7 11. h3 Nh5 12. Bxe7 Qxe7 13. Qe1 Qg5+ 14. Kb1 Ng3 15. h4 Qf4 16. Nd3 Qd6 17. Rh3 f4 18. Ne5 Nxf1 19. Qxf1 Nxe5 20. dxe5 Qxe5 21. Re1 Qd6 22. Re8+ Kf7 23. Rxh8 Bxh3 24. Rxa8 Bd7 25. Ne2 c5 26. Qc1 Bf5 27. Qxf4 Qf6 28. Rxa7 Kg8 29. Qb8+ Kf7 30. Qxb7+ Kg6 31. Nf4+ Kh6 32. Ra6 Be6 33. Rxe6 Qxe6 34. Nxe6 Kh5 35. Qxg7 Kxh4 36. Qg4# 1-0


[Site "https://www.chess.com"]

[Event "Titled Tuesday Blitz February 14 Early 2023"]
[White "Real_taiatai"]
[Black "Kiseleva, Arina"]
[BlackFideId "4164989"]
[WhiteElo "2349"]
[BlackElo "1962"]
[Result "1-0"]
[Round "09"]
[TimeControl "180+2"]
[Date "2023.02.14"]
[WhiteClock "0:00:24"]
[BlackClock "0:00:04"]

1. d4 Nf6 2. c3 e6 3. Nf3 b6 4. Bg5 Bb7 5. Nbd2 Be7 6. e3 h6 7. Bh4 d6 8. Bd3 Nbd7 9. e4 e5 10. Qe2 Nh5 11. Bxe7 Qxe7 12. g3 g6 13. a4 O-O 14. Qe3 Kh7 15. a5 exd4 16. Nxd4 Rae8 17. a6 Ba8 18. O-O Nc5 19. f3 Nxd3 20. Qxd3 Ng7 21. Rae1 Qg5 22. f4 Qg4 23. f5 gxf5 24. exf5 f6 25. Ne6 Qh3 26. Nf3 Rg8 27. Nh4 Nh5 28. Nxc7 Rxe1 29. Rxe1 Nxg3 30. Re7+ Kh8 31. Ng6+ Rxg6 32. Re8+ Rg8 33. Rxg8+ Kxg8 34. Qxg3+ Qxg3+ 35. hxg3 Bd5 36. Nxd5 Kf7 37. Nxb6 Ke7 38. Nc8+ Kd8 39. Nxa7 Kc7 40. Nb5+ Kb6 41. a7 Kb7 42. Kf2 Ka8 43. Ke3 1-0


[Site "https://www.chess.com"]

[Event "Titled Tuesday Blitz February 14 Early 2023"]
[White "Larina, Maria"]
[Black "Ipek, Egehan"]
[WhiteFideId "24113182"]
[BlackFideId "44523793"]
[WhiteElo "1948"]
[BlackElo "2308"]
[Result "1-0"]
[Round "09"]
[TimeControl "180+2"]
[Date "2023.02.14"]
[WhiteClock "0:00:06"]
[BlackClock "0:00:03"]

1. e4 c5 2. Nc3 e6 3. Nf3 Nc6 4. d4 cxd4 5. Nxd4 Qc7 6. g3 a6 7. Bg2 Nf6 8. O-O Nxd4 9. Qxd4 Bc5 10. Qd1 h5 11. Bf4 d6 12. Bg5 Ng4 13. h3 Ne5 14. Qe2 Bd7 15. a4 Bc6 16. Kh2 f6 17. Bd2 h4 18. Nd1 hxg3+ 19. fxg3 Qf7 20. Be3 Qg6 21. Bxc5 dxc5 22. Ne3 Bxe4 23. Bxe4 Qxe4 24. Rad1 Ke7 25. Kg1 Rad8 26. Rxd8 Rxd8 27. Kf2 Qd4 28. Rd1 Qe4 29. Rxd8 Kxd8 30. Nf1 Qxe2+ 31. Kxe2 Ke7 32. Ne3 Kd6 33. b3 b5 34. g4 bxa4 35. bxa4 Kc6 36. Kd2 Kb6 37. Kc3 Ka5 38. Kb3 Nf3 39. Nc4# 1-0


[Site "https://www.chess.com"]

[Event "Titled Tuesday Blitz February 14 Early 2023"]
[White "Kvaloy, Aksel Bu"]
[Black "Kohler, Aran"]
[WhiteFideId "1528815"]
[BlackFideId "1002856"]
[WhiteElo "2321"]
[BlackElo "2010"]
[Result "1-0"]
[Round "09"]
[TimeControl "180+2"]
[Date "2023.02.14"]
[WhiteClock "0:00:25"]
[BlackClock "0:00:19"]

1. d4 Nf6 2. c4 e6 3. g3 c5 4. Nf3 a6 5. Bg2 cxd4 6. Nxd4 Nc6 7. O-O Bc5 8. Nb3 Be7 9. Nc3 O-O 10. e4 d6 11. Be3 Ne5 12. Qe2 Qc7 13. Nd2 Bd7 14. h3 Bc6 15. f4 Ned7 16. b4 b5 17. cxb5 axb5 18. Nxb5 Bxb5 19. Qxb5 Rfb8 20. Qe2 Rxb4 21. Kh2 Ra3 22. Nb3 d5 23. exd5 exd5 24. Bd2 Nb6 25. Bxb4 Bxb4 26. Rac1 Qd8 27. Qb5 Bf8 28. Rc6 Nbd7 29. Rc2 Qa8 30. Qe2 h5 31. Rfc1 h4 32. g4 Qa4 33. Qf2 Bd6 34. Qd4 Qxd4 35. Nxd4 Bxf4+ 36. Kh1 Bxc1 37. Rxc1 Rxa2 38. Nf5 g5 39. Rc7 Ra1+ 40. Kh2 Kf8 41. Rc8+ Ne8 42. Nd6 Nf6 43. Nxe8 Nxe8 44. Bxd5 Rd1 45. Bc6 Re1 46. Kg2 f6 47. Kf2 Re5 48. Ba4 Kf7 49. Bb3+ Ke7 50. Ra8 Nd6 51. Ra7+ Kd8 52. Ba4 Ne4+ 53. Kf3 Nc5 54. Bc2 Ke8 55. Bf5 Kd8 56. Rf7 Ke8 57. Rxf6 Rd5 58. Rg6 Nd3 59. Rxg5 Ne5+ 60. Ke4 Ra5 61. Bg6+ Nxg6 62. Rxa5 Kf7 63. Kf5 Ne7+ 64. Kg5 Kg7 65. Ra7 Kf7 66. Rxe7+ Kxe7 67. Kxh4 Kf6 68. Kh5 Kg7 69. h4 Kh7 70. g5 Kg7 71. g6 Kg8 72. Kg5 Kh8 73. h5 Kg7 74. h6+ Kg8 75. Kf6 Kh8 76. g7+ Kg8 77. h7+ Kxh7 78. Kf7 Kh6 79. g8=Q 1-0


[Site "https://www.chess.com"]

[Event "Titled Tuesday Blitz February 14 Early 2023"]
[White "I_KID_you_not"]
[Black "Carrasco Miranda, Andres"]
[BlackFideId "3405990"]
[WhiteElo "2323"]
[BlackElo "2240"]
[Result "1-0"]
[Round "09"]
[TimeControl "180+2"]
[Date "2023.02.14"]
[WhiteClock "0:00:05"]
[BlackClock "0:00:17"]

1. e4 c5 2. Nc3 d6 3. d4 cxd4 4. Qxd4 Nc6 5. Qd2 g6 6. b3 Bh6 7. f4 Nf6 8. Bb2 e5 9. g3 O-O 10. O-O-O Bg4 11. Be2 Qa5 12. Kb1 Rfd8 13. Nd5 Qxd2 14. Nxf6+ Kg7 15. Rxd2 Bxe2 16. Rxe2 Kxf6 17. Nf3 Ke6 18. Bc1 exf4 19. gxf4 Bg7 20. Ng5+ Ke7 21. Ba3 Nd4 22. Rd2 Nb5 23. Bb2 Bxb2 24. Kxb2 f6 25. Nf3 Rac8 26. c4 Nc7 27. f5 b5 28. Nd4 bxc4 29. Nc6+ Kf7 30. Nxd8+ Rxd8 31. bxc4 Na6 32. fxg6+ hxg6 33. Kc3 Nc5 34. Rd4 Rh8 35. h4 g5 36. h5 g4 37. Kc2 Ke6 38. h6 Rh7 39. e5 g3 40. Rxd6+ Kf5 41. exf6 Kg4 42. f7 Rxf7 43. h7 g2 44. h8=Q Ne4 45. Qh5+ Kg3 46. Rg6+ Kf2 47. Qh4+ Ke2 48. Re1+ Kf3 49. Qxe4+ Kf2 50. Qe3# 1-0


[Site "https://www.chess.com"]

[Event "Titled Tuesday Blitz February 14 Early 2023"]
[White "Prieto Aranguren, Alain"]
[Black "Georg, Heinz"]
[WhiteFideId "2268906"]
[BlackFideId "4607295"]
[WhiteElo "2258"]
[BlackElo "2107"]
[Result "1-0"]
[Round "09"]
[TimeControl "180+2"]
[Date "2023.02.14"]
[WhiteClock "0:00:37"]
[BlackClock "0:00:04"]

1. d4 f5 2. Bg5 h6 3. Bh4 g5 4. e4 Nf6 5. e5 e6 6. exf6 Qxf6 7. Bg3 f4 8. Nf3 Bg7 9. Nc3 Nc6 10. Ne4 Qf5 11. Bd3 Qa5+ 12. c3 fxg3 13. hxg3 d6 14. Nfxg5 hxg5 15. Rxh8+ Bxh8 16. Qh5+ Kd7 17. Qxh8 Ne7 18. Nf6+ Kc6 19. Qe8+ Kb6 20. Qxe7 a6 21. Ne8 Ka7 22. Nxc7 Rb8 23. Qxd6 b6 24. a4 g4 25. b4 Qg5 26. Nb5+ Ka8 27. Be4+ Bb7 28. Qxb6 Bxe4 29. Qa7# 1-0


[Site "https://www.chess.com"]

[Event "Titled Tuesday Blitz February 14 Early 2023"]
[White "Pourkashiyan, Atousa"]
[Black "Lauridsen, Jesper Morch"]
[WhiteFideId "12502014"]
[BlackFideId "1401890"]
[WhiteElo "2282"]
[BlackElo "2309"]
[Result "1-0"]
[Round "09"]
[TimeControl "180+2"]
[Date "2023.02.14"]
[WhiteClock "0:00:34"]
[BlackClock "0:00:03"]

1. e4 c5 2. Nf3 e6 3. d4 cxd4 4. Nxd4 Nf6 5. Nc3 d6 6. Be2 Be7 7. O-O O-O 8. Be3 Nc6 9. Qd2 a6 10. Rad1 Nxd4 11. Bxd4 b5 12. a3 Bb7 13. f3 d5 14. e5 Nd7 15. f4 Bc5 16. Kh1 Bxd4 17. Qxd4 Qb6 18. Qd2 Rac8 19. Bd3 Nc5 20. Ne2 Nxd3 21. Qxd3 f6 22. Nd4 fxe5 23. fxe5 Rxf1+ 24. Rxf1 Rf8 25. Rxf8+ Kxf8 26. c3 Kg8 27. Qh3 Bc8 28. Qh5 Qd8 29. h3 Qf8 30. Qg4 Qf2 31. Kh2 h6 32. Nxe6 Qf7 33. Nd8 Bxg4 34. Nxf7 Kxf7 35. hxg4 g5 36. Kg3 Ke6 37. Kf3 Kxe5 38. Ke3 a5 39. b3 Ke6 40. Kd4 Kd6 41. a4 bxa4 42. bxa4 Kc6 43. c4 dxc4 44. Kxc4 Kd6 45. Kb5 Kd5 46. Kxa5 Kc5 47. Ka6 Kc6 48. Ka7 Kc7 49. a5 Kc6 50. Kb8 Kb5 51. Kc7 Kxa5 52. Kd6 Kb5 53. Ke6 Kc5 54. Kf6 Kd5 55. Kg6 Ke4 56. Kxh6 Kf4 57. Kh5 Kg3 58. Kxg5 Kh2 59. Kf5 Kg3 60. g5 Kh4 61. g6 Kh5 62. g7 1-0


[Site "https://www.chess.com"]

[Event "Titled Tuesday Blitz February 14 Early 2023"]
[White "Orujov, Elshad"]
[Black "Llanos, Guillermo"]
[WhiteFideId "13403540"]
[BlackFideId "100358"]
[WhiteElo "2304"]
[BlackElo "2290"]
[Result "1-0"]
[Round "09"]
[TimeControl "180+2"]
[Date "2023.02.14"]
[WhiteClock "0:00:15"]
[BlackClock "0:00:33"]

1. e4 Nf6 2. e5 Nd5 3. d4 d6 4. Nf3 g6 5. Bc4 Nb6 6. Bb3 Bg7 7. O-O O-O 8. h3 Nc6 9. exd6 cxd6 10. c3 Bf5 11. Bg5 h6 12. Bh4 g5 13. Bg3 e5 14. dxe5 dxe5 15. Nbd2 e4 16. Ne1 Qd7 17. Nc2 Rad8 18. Nc4 Qd3 19. Nxb6 axb6 20. Ne3 Bg6 21. Qg4 Qd7 22. Qe2 Kh7 23. Rad1 Qc8 24. Nd5 f5 25. Nxb6 f4 26. Nxc8 Rxc8 27. Bh2 Ne5 28. Bc2 Nd3 29. Bxd3 exd3 30. Rxd3 Rfe8 31. Qd2 Bxd3 32. Qxd3+ Kh8 33. g3 Rcd8 34. Qg6 f3 35. g4 Re7 36. Qf5 Rf8 37. Qb1 Re2 38. Re1 Rfe8 39. Rxe2 fxe2 40. Qe1 b5 41. Kg2 b4 42. cxb4 Bxb2 43. Kf3 Kg8 44. Qxe2 Rxe2 45. Kxe2 Kf7 46. Kd3 Ke6 47. Kc4 Kd7 48. a4 Kc6 49. b5+ Kb6 50. Kb4 Bc1 51. a5+ Kb7 52. f3 Bd2+ 53. Ka4 Ka7 54. Bg1+ Kb7 55. a6+ Kb8 56. b6 Bc1 57. Kb5 Bf4 58. Bc5 Bd2 59. Kc6 Bf4 60. Bd6+ Bxd6 61. Kxd6 1-0


[Site "https://www.chess.com"]

[Event "Titled Tuesday Blitz February 14 Early 2023"]
[White "Kalajzic, Ivan"]
[Black "Rosh Jain"]
[WhiteFideId "14506378"]
[BlackFideId "25789465"]
[WhiteElo "2062"]
[BlackElo "2248"]
[Result "1-0"]
[Round "09"]
[TimeControl "180+2"]
[Date "2023.02.14"]
[WhiteClock "0:00:09"]
[BlackClock "0:00:01"]

1. d4 d5 2. Nc3 Nf6 3. Bg5 e6 4. e4 Bb4 5. exd5 exd5 6. Bb5+ c6 7. Bd3 O-O 8. Ne2 h6 9. Bh4 c5 10. dxc5 Nc6 11. O-O Be6 12. a3 Bxc5 13. Nf4 Be7 14. Nxe6 fxe6 15. Re1 Qd7 16. Bxf6 Bxf6 17. Qg4 Ne5 18. Rxe5 Bxe5 19. Qg6 Rf6 20. Qh7+ Kf7 21. Re1 Bd4 22. Nd1 Qd8 23. c3 Bc5 24. b4 Bb6 25. Bb1 Rc8 26. h4 Rc4 27. h5 Re4 28. Bxe4 dxe4 29. Qxe4 Qd2 30. Qxb7+ Kg8 31. Qa8+ Rf8 32. Qe4 Bxf2+ 33. Nxf2 Qxf2+ 34. Kh1 Rf6 35. Qa8+ Kh7 36. Qe4+ Rf5 37. g4 Qf3+ 38. Qxf3 Rxf3 39. Rxe6 Rxc3 40. Ra6 Rc7 41. Kg2 Kg8 42. Kg3 Kf7 43. Kf4 Rc4+ 44. Kf5 Rc7 45. Ke5 Re7+ 46. Kd5 Rd7+ 47. Kc5 Re7 48. b5 Rc7+ 49. Rc6 Re7 50. a4 Re5+ 51. Kb4 Re4+ 52. Rc4 Re5 53. Ka5 Kf6 54. Ka6 Re7 55. Rc6+ Kg5 56. Rg6+ Kf4 57. a5 Rd7 58. b6 axb6 59. axb6 Rd5 60. b7 1-0


[Site "https://www.chess.com"]

[Event "Titled Tuesday Blitz February 14 Early 2023"]
[White "Zampronha, Wladimir Camilo"]
[Black "Liu, Casper"]
[WhiteFideId "2103087"]
[BlackFideId "1454153"]
[WhiteElo "2176"]
[BlackElo "2278"]
[Result "1-0"]
[Round "09"]
[TimeControl "180+2"]
[Date "2023.02.14"]
[WhiteClock "0:01:04"]
[BlackClock "0:01:11"]

1. e4 c5 2. Nf3 d6 3. d4 cxd4 4. Nxd4 Nf6 5. Nc3 Nc6 6. Bg5 Bd7 7. Qd2 Rc8 8. O-O-O Nxd4 9. Qxd4 Qa5 10. f4 Rxc3 11. Qxc3 Qxc3 12. bxc3 Nxe4 13. Re1 Nxc3 14. Bc4 d5 15. Bb3 e6 16. Kb2 Ne4 17. c4 Bb4 18. cxd5 Bxe1 19. Rxe1 Nxg5 20. fxg5 O-O 21. dxe6 Bxe6 22. Bxe6 fxe6 23. Rxe6 Rf2+ 24. Kb3 Rxg2 25. Re7 Rxg5 26. Rxb7 Ra5 27. a4 h5 28. Kb4 Rf5 29. Rxa7 g5 30. a5 g4 31. Rc7 Rf4+ 32. Kb5 Rf5+ 33. Rc5 Rf1 34. Rxh5 Rb1+ 35. Kc6 Kf7 36. a6 Kg6 37. Ra5 Rc1+ 38. Kd5 Rf1 39. Ke4 Re1+ 40. Kf4 Rf1+ 41. Kg3 Rg1+ 42. Kf2 Rb1 43. a7 Rb2+ 44. Kg3 Rb3+ 45. Kxg4 Rb4+ 46. Kf3 Rb3+ 47. Ke2 Rb2+ 48. Kd1 Rb3 49. Kc2 Rh3 50. a8=Q Rxh2+ 51. Kc3 1-0


[Site "https://www.chess.com"]

[Event "Titled Tuesday Blitz February 14 Early 2023"]
[White "Sadovsky, Artem"]
[Black "Willathgamuwa, Kevin"]
[WhiteFideId "4155840"]
[BlackFideId "3214168"]
[WhiteElo "2276"]
[BlackElo "2062"]
[Result "0-1"]
[Round "09"]
[TimeControl "180+2"]
[Date "2023.02.14"]
[WhiteClock "0:00:49"]
[BlackClock "0:00:13"]

1. Nf3 e6 2. e3 d5 3. c4 Nf6 4. b3 Be7 5. Bb2 O-O 6. Be2 b6 7. O-O Bb7 8. d3 c5 9. Qc2 Nc6 10. Nbd2 d4 11. e4 e5 12. Ne1 Bd6 13. g3 Bc8 14. Ng2 Bg4 15. f4 Bxe2 16. Rf2 Bg4 17. f5 Bh3 18. Nf3 Ng4 19. Ngh4 Nxf2 20. Qxf2 Bg4 21. Ne1 Qg5 22. Bc1 Qh5 23. Qg2 g5 24. h3 gxh4 25. gxh4 Qxh4 26. Nf3 Qxh3 27. Qxh3 Bxh3 28. Bh6 Kh8 29. Kh2 Bg4 30. Rg1 Rg8 31. Ng5 Bh5 32. f6 Bf8 33. Bxf8 Raxf8 34. Kh3 h6 35. Kh4 Rxg5 36. Rh1 Rfg8 37. Rh3 Be2 38. Rh2 Rh5# 0-1


[Site "https://www.chess.com"]

[Event "Titled Tuesday Blitz February 14 Early 2023"]
[White "Pein, Jonathan"]
[Black "Kornyukov, Alexey"]
[WhiteFideId "417092"]
[BlackFideId "4150457"]
[WhiteElo "2265"]
[BlackElo "2452"]
[Result "1-0"]
[Round "09"]
[TimeControl "180+2"]
[Date "2023.02.14"]
[WhiteClock "0:02:42"]
[BlackClock "0:02:26"]

1. e4 c5 2. Nc3 Nc6 3. Nge2 e6 4. d4 cxd4 5. Nxd4 d5 6. exd5 exd5 7. Be2 Nf6 8. O-O Bc5 9. Be3 O-O 10. Nxc6 Qb6 11. Ne7+ 1-0


[Site "https://www.chess.com"]

[Event "Titled Tuesday Blitz February 14 Early 2023"]
[White "Mazurkiewicz, Michal"]
[Black "Hrabinska, Myroslava"]
[WhiteFideId "1124943"]
[BlackFideId "14109190"]
[WhiteElo "2145"]
[BlackElo "2210"]
[Result "1-0"]
[Round "09"]
[TimeControl "180+2"]
[Date "2023.02.14"]
[WhiteClock "0:02:03"]
[BlackClock "0:00:13"]

1. e4 c5 2. Nf3 Nc6 3. g3 g6 4. Bg2 Bg7 5. O-O e5 6. d3 Nge7 7. Nc3 O-O 8. Nd2 d6 9. Nc4 f5 10. Nb5 a6 11. Nbxd6 b5 12. Nxc8 Rxc8 13. Ne3 f4 14. Nd5 Nd4 15. c3 Ne6 16. Qg4 Rc6 17. gxf4 h5 18. Nxe7+ Qxe7 19. Qxg6 Nd4 20. Qg5 Ne2+ 21. Kh1 exf4 22. Qxe7 1-0


[Site "https://www.chess.com"]

[Event "Titled Tuesday Blitz February 14 Early 2023"]
[White "Mesa Cruz, Juan Carlos"]
[Black "Mendez Machado, Andre"]
[WhiteFideId "6423400"]
[BlackFideId "6603793"]
[WhiteElo "2122"]
[BlackElo "1974"]
[Result "1-0"]
[Round "09"]
[TimeControl "180+2"]
[Date "2023.02.14"]
[WhiteClock "0:00:06"]
[BlackClock "0:00:02"]

1. e4 e5 2. Nf3 Nc6 3. Bc4 Bc5 4. c3 Nf6 5. d3 a5 6. a4 d6 7. Nbd2 Ba7 8. Bb5 O-O 9. Nf1 Kh8 10. Bxc6 bxc6 11. Ng3 Ng4 12. O-O f5 13. exf5 Bxf5 14. h3 Nh6 15. d4 Qf6 16. dxe5 dxe5 17. Bxh6 Qxh6 18. Nxe5 Qf4 19. Nxf5 Rxf5 20. Nd3 Qg5 21. Qe2 Raf8 22. Kh2 h5 23. Rae1 c5 24. c4 c6 25. Qe7 Bb8+ 26. Kg1 Qg6 27. Re6 Qh7 28. Ne5 Bxe5 29. Rxe5 R5f7 30. Qe8 Rxe8 31. Rxe8+ Qg8 32. Rxg8+ Kxg8 33. Rd1 Rb7 34. Rd8+ Kh7 35. Ra8 Rxb2 36. Rxa5 Rb4 37. Rxc5 Rxa4 38. Rxc6 Ra1+ 39. Kh2 h4 40. Rc5 Kh6 41. f4 Rf1 42. Rf5 Rc1 43. c5 g6 44. Rf7 Rxc5 45. Kg1 Rc2 46. Kf1 Rc1+ 47. Kf2 Rc2+ 48. Kf3 Rc3+ 49. Kf2 g5 50. Rf6+ Kh5 51. Rf5 Rc2+ 52. Kg1 Rc1+ 53. Kh2 Rc2 54. Rxg5+ Kh6 55. Kg1 Rc1+ 56. Kf2 Rc4 57. Kf3 Rc3+ 58. Kg4 Rc4 59. Rf5 Rc2 60. Rf6+ Kg7 61. Kf5 Rxg2 62. Ra6 Rh2 63. Ra7+ Kh6 64. Kg4 1-0


[Site "https://www.chess.com"]

[Event "Titled Tuesday Blitz February 14 Early 2023"]
[White "EdmundPlayer"]
[Black "Avazkhonov, Alikhon"]
[BlackFideId "14208504"]
[WhiteElo "2246"]
[BlackElo "1538"]
[Result "0-1"]
[Round "09"]
[TimeControl "180+2"]
[Date "2023.02.14"]
[WhiteClock "0:00:06"]
[BlackClock "0:00:17"]

1. e4 c5 2. Nf3 g6 3. c4 Bg7 4. d4 cxd4 5. Nxd4 Nc6 6. Be3 Nf6 7. Nc3 O-O 8. Be2 d6 9. O-O Bd7 10. h3 a6 11. Rc1 Rc8 12. f4 Qa5 13. Qd2 Nxd4 14. Bxd4 Nxe4 15. Qe3 Bxd4 16. Qxd4 Qc5 17. Qxc5 Nxc5 18. Nd5 Rfe8 19. b4 Ne4 20. Bd3 Ng3 21. Rfe1 Kf8 22. Kf2 Nf5 23. g4 Nd4 24. Re4 Nc6 25. Rce1 Be6 26. Nb6 Nxb4 27. Bf1 Rc6 28. Na4 Rec8 29. a3 Nc2 30. Rc1 Nxa3 31. Nb2 b5 32. Rc3 Nxc4 33. Nxc4 Bxc4 34. Bg2 Bd5 35. Rxc6 Rxc6 36. Re2 Bxg2 37. Kxg2 b4 38. Rb2 Rb6 39. Kf3 a5 40. Ke4 a4 41. Kd4 a3 42. Rb3 a2 0-1


[Site "https://www.chess.com"]

[Event "Titled Tuesday Blitz February 14 Early 2023"]
[White "Clawitter, Craig"]
[Black "Buscar, Michael"]
[WhiteFideId "2023105"]
[BlackFideId "2603616"]
[WhiteElo "2050"]
[BlackElo "2041"]
[Result "1-0"]
[Round "09"]
[TimeControl "180+2"]
[Date "2023.02.14"]
[WhiteClock "0:00:43"]
[BlackClock "0:01:08"]

1. e4 c6 2. d4 d6 3. Nc3 Qc7 4. f4 e5 5. Nf3 Bg4 6. Be3 Nd7 7. Qd2 Ngf6 8. O-O-O exd4 9. Qxd4 Bxf3 10. gxf3 Qb6 11. Qd2 Qa5 12. Kb1 O-O-O 13. Bh3 Be7 14. e5 dxe5 15. fxe5 Qxe5 16. Bd4 Qd6 17. Bxf6 Qxd2 18. Rxd2 Bxf6 19. Rhd1 Bxc3 20. bxc3 1-0


[Site "https://www.chess.com"]

[Event "Titled Tuesday Blitz February 14 Early 2023"]
[White "Vifleemskaia, Svetlana"]
[Black "Ciuffoletti, Paolo"]
[WhiteFideId "4129490"]
[BlackFideId "807630"]
[WhiteElo "1971"]
[BlackElo "2106"]
[Result "1-0"]
[Round "09"]
[TimeControl "180+2"]
[Date "2023.02.14"]
[WhiteClock "0:00:13"]
[BlackClock "0:00:03"]

1. d4 d5 2. c4 c6 3. cxd5 cxd5 4. Bf4 Nc6 5. e3 Nf6 6. Nc3 Bf5 7. Qb3 Na5 8. Qa4+ Bd7 9. Qc2 Rc8 10. Nf3 e6 11. Bd3 Be7 12. O-O O-O 13. h3 b5 14. a3 Nc4 15. Ne5 Be8 16. Rac1 a5 17. Qe2 b4 18. axb4 axb4 19. Nb1 Nxe5 20. Bxe5 Bd7 21. Nd2 Qb6 22. Nf3 Ne4 23. Rc2 Rxc2 24. Qxc2 Rc8 25. Qb1 f6 26. Bf4 f5 27. Rc1 Rxc1+ 28. Qxc1 Qc6 29. Qxc6 Bxc6 30. Ne5 Ba4 31. f3 Nd6 32. Kf1 Bb5 33. Ke2 Bf6 34. Bxb5 Nxb5 35. Nd3 Be7 36. Kd2 Kf8 37. Kc2 g5 38. Be5 Ke8 39. Kb3 Kd7 40. Nxb4 Nd6 41. Bxd6 Bxd6 42. Nd3 h5 43. g4 fxg4 44. fxg4 h4 45. Kc3 Kc6 46. b4 Kb5 47. Kb3 Be7 48. Nc5 e5 49. dxe5 Bxc5 50. bxc5 Kxc5 51. Kc3 Kb5 52. Kd4 Kc6 53. e6 Kd6 54. e7 Kxe7 55. Kxd5 Kf6 56. Kd6 1-0


[Site "https://www.chess.com"]

[Event "Titled Tuesday Blitz February 14 Early 2023"]
[White "Vaglio Munoz, Jaime"]
[Black "Meera, Sai"]
[WhiteFideId "6500145"]
[BlackFideId "5004357"]
[WhiteElo "2174"]
[BlackElo "2064"]
[Result "1-0"]
[Round "09"]
[TimeControl "180+2"]
[Date "2023.02.14"]
[WhiteClock "0:00:33"]
[BlackClock "0:00:16"]

1. d4 Nf6 2. g3 d5 3. Bg2 e6 4. b3 Be7 5. Bb2 O-O 6. Nf3 c5 7. O-O cxd4 8. Nxd4 Nc6 9. Nxc6 bxc6 10. c4 Bb7 11. Nd2 Qb6 12. e4 dxe4 13. Nxe4 Nxe4 14. Bxe4 Rfd8 15. Qh5 h6 16. Qg4 Bf8 17. Bf6 Rd2 18. Qf4 Rd7 19. Bc3 Rad8 20. Qf3 f5 21. Bc2 c5 22. Qf4 Qc6 23. f3 Bd6 24. Qe3 Be7 25. Rae1 Kf7 26. h4 g5 27. Qe5 Rg8 28. h5 g4 29. Bxf5 exf5 30. Qxf5+ Ke8 31. Re6 Qc7 32. f4 Ba8 33. Rfe1 Qb7 34. R6e4 Qc6 35. Bf6 Rf8 36. Qg6+ Kd8 37. Bxe7+ Rxe7 38. Qxc6 Bxc6 39. Rxe7 Rf6 40. R7e6 Rxe6 41. Rxe6 Bf3 42. Rxh6 Kd7 43. Rf6 Ke7 44. Ra6 Kf7 45. Rxa7+ Kf6 46. Kf2 Be4 47. h6 Bb1 48. h7 Kf5 49. h8=Q Ke4 1-0


[Site "https://www.chess.com"]

[Event "Titled Tuesday Blitz February 14 Early 2023"]
[White "Ghosh, Chanchal Kumer"]
[Black "Fajdetic, Hrvoje"]
[WhiteFideId "10201858"]
[BlackFideId "14501945"]
[WhiteElo "2020"]
[BlackElo "2151"]
[Result "0-1"]
[Round "09"]
[TimeControl "180+2"]
[Date "2023.02.14"]
[WhiteClock "0:00:08"]
[BlackClock "0:00:53"]

1. e4 c5 2. Nf3 a6 3. d4 cxd4 4. Nxd4 Nf6 5. Nc3 e5 6. Nb3 Bb4 7. Bd3 d5 8. exd5 Qxd5 9. O-O Bxc3 10. bxc3 e4 11. Qe2 O-O 12. Bc4 Qe5 13. Nd4 Bg4 14. Qe3 Nc6 15. h3 Bh5 16. Ba3 Rfd8 17. Nxc6 bxc6 18. f4 Qc7 19. g4 Bxg4 20. hxg4 Nxg4 21. Qc5 Rd2 22. Rad1 Rxc2 23. Qd6 Qc8 24. Bb3 Ne3 25. Bxc2 Qg4+ 26. Kh1 Qg2# 0-1


[Site "https://www.chess.com"]

[Event "Titled Tuesday Blitz February 14 Early 2023"]
[White "Dong, Khanh Linh"]
[Black "Sabar, Ethmane Daouda"]
[WhiteFideId "12403040"]
[BlackFideId "19600097"]
[WhiteElo "1900"]
[BlackElo "2040"]
[Result "1-0"]
[Round "09"]
[TimeControl "180+2"]
[Date "2023.02.14"]
[WhiteClock "0:00:27"]
[BlackClock "0:00:06"]

1. e4 e5 2. Nf3 Nc6 3. d4 exd4 4. Nxd4 Nf6 5. Nc3 Bb4 6. Nxc6 bxc6 7. Bd3 d5 8. exd5 O-O 9. dxc6 Re8+ 10. Be3 Ng4 11. O-O Qh4 12. Bf4 Bd6 13. Bxd6 cxd6 14. h3 Ne5 15. Be4 f5 16. Bd5+ Kh8 17. Qd2 f4 18. Qd4 Ba6 19. Rfe1 Rac8 20. Re4 g5 21. Rae1 Qh6 22. b4 Rc7 23. b5 Bc8 24. Nd1 Qg7 25. Kf1 Bf5 26. R4e2 Rce7 27. f3 h5 28. Nf2 Qf6 29. c4 Ng4 30. Qxf6+ Nxf6 31. Rxe7 Rxe7 32. Rxe7 Nxd5 33. cxd5 g4 34. c7 1-0


[Site "https://www.chess.com"]

[Event "Titled Tuesday Blitz February 14 Early 2023"]
[White "Broca Jimenez, Fernando"]
[Black "Sovetbekova, Nurai"]
[WhiteFideId "5104742"]
[BlackFideId "13801910"]
[WhiteElo "2075"]
[BlackElo "1764"]
[Result "0-1"]
[Round "09"]
[TimeControl "180+2"]
[Date "2023.02.14"]
[WhiteClock "0:00:01"]
[BlackClock "0:00:09"]

1. e4 c5 2. c3 Nf6 3. e5 Nd5 4. d4 cxd4 5. Nf3 Nc6 6. Bc4 Nb6 7. Bb3 d6 8. exd6 Qxd6 9. cxd4 Bg4 10. O-O e6 11. Nc3 Be7 12. d5 exd5 13. Nxd5 Nxd5 14. Bxd5 O-O 15. Be3 Rad8 16. Be4 Qe6 17. Qc2 Nb4 18. Qb1 Bf6 19. a3 Nd5 20. Nd4 Bxd4 21. Bxd4 f5 22. Bxd5 Qxd5 23. Bc3 Rfe8 24. Qa2 Be2 25. Qxd5+ Rxd5 26. Rfe1 Kf7 27. f3 Rdd8 28. Kf2 Bc4 29. Rxe8 Rxe8 30. Re1 Rd8 31. Re5 Be6 32. Re2 g6 33. Rd2 Rc8 34. Rd6 a6 35. Rd2 b5 36. g3 Ra8 37. h4 a5 38. Rd6 Ke7 39. Rb6 Bd7 40. Rb7 Kd6 41. Rb6+ Ke7 42. Bd4 Rc8 43. Bc3 Rc4 0-1


[Site "https://www.chess.com"]